[Event "AUT Bundesliga 2024-25"]
[Site "Austria"]
[Date "2025.04.04"]
[Round "8.11"]
[White "Subelj, Jan"]
[Black "Stalmach, Richard"]
[Result "1-0"]
[Annotator "TA"]
[ECO "B96"]
[WhiteElo "2528"]
[BlackElo "2427"]
[PlyCount "159"]
[EventDate "2024.08.28"]
[EventType "team-tourn"]
[EventCountry "AUT"]
[SourceTitle "playchess.com"]
[Source "ChessBase"]
[SourceQuality "1"]
[TimeControl "40/5400+30:1800+30"]

1. e4 c5 2. Nf3 d6 3. d4 cxd4 4. Nxd4 Nf6 5. Nc3 a6 6. Bg5 e6 7. f4 h6 8. Bh4 Qb6 9. a3 $1 {[%emt 0:00:30] 9.a3 is better than 9.Qd2.} Nc6 {[%emt 0:00:12] B96: Sicilian Najdorf: 6 Bg5 e6 7 f4, lines other than 7...Qb6 and 7...Be7.} (9... Qxb2 $2 10. Na4 $18) 10. Bf2 Qc7 (10... Qxb2 $2 11. Na4 $18) 11. Qf3 e5 {[%emt 0:00:08] The position is equal.} 12. Nf5 (12. Nde2 $14) 12... Bxf5 $1 $11 13. exf5 O-O-O {[%emt 0:01:10][%cal Oe5e4] White should prevent ...e4!.} 14. O-O-O {[%emt 0:05:39] [#]} d5 {[%emt 0:00:05] Wards off Bc4} 15. fxe5 Nxe5 16. Qh3 Neg4 $146 {[%emt 0:06:33] A dynamic duo of knights.} (16... Bc5 17. Bg3 Be3+ 18. Kb1 d4 19. Na2 Rhe8 20. Bd3 Qc5 21. Bxe5 Qxe5 22. Rhf1 Kb8 {0-1 Della Morte,G (2322)-Nigalidze,G (2373) Titled Tuesday intern op 30th Jan Early blitz 2024 (9)}) 17. Bg3 Bd6 18. Be2 (18. Nxd5 $2 Bxg3 19. Nxc7 Nf2 (19... Bf4+ 20. Kb1 $17) 20. Bxa6 (20. Qxg3 $2 Rxd1#) (20. Rxd8+ $2 Rxd8 21. Bxa6 Bf4+ 22. Kb1 Nxh3 $19) 20... Rxd1+ (20... Nxh3 $2 21. gxh3 Rxd1+ 22. Rxd1 $19) 21. Rxd1 Bf4+ (21... Nxh3 22. hxg3 Nf2 23. Re1 $19) 22. Kb1 Nxh3 23. gxh3 Kxc7 $19 (23... Bxc7 $2 24. Bb5 $19)) 18... Bxg3 19. Bxg4 Qf4+ (19... Be5 $17 {...Bxc3 would now be deadly.} 20. Rd3 d4) 20. Kb1 Qxg4 21. hxg3 d4 22. Qxg4 Nxg4 23. Rh4 $1 h5 24. Ne2 g5 (24... Ne3 $1 $15 {is more appropriate.} 25. Rdxd4 Nxf5 26. Rxd8+ Kxd8) 25. fxg6 fxg6 26. Rd2 $1 (26. Nxd4 $2 g5 27. Rxg4 hxg4 $19) (26. Rxd4 Rhe8 27. Rxd8+ Kxd8 $15) 26... Rhf8 27. Nxd4 (27. Rxd4 Rf1+ 28. Ka2 Rxd4 29. Nxd4 Rg1) 27... Rf1+ 28. Ka2 Re1 29. c3 Rde8 30. Rh3 Kb8 31. Kb3 Ka7 32. Rh4 R8e3 33. Rh3 Nf6 34. Rf2 Ne4 35. Rf4 Rg1 (35... Rd1 $15 36. Kb4 (36. g4 $2 Rxd4 37. Rxe3 Nc5+ 38. Ka2 Rxf4 $19) 36... Rd2 (36... Nxg3 37. Rf7 $11)) 36. g4 Nd2+ $1 37. Kb4 Re5 38. gxh5 gxh5 39. Rf7 a5+ 40. Ka4 Ka6 $2 (40... Rxg2 $11 {and Black stays safe.} 41. b4 (41. Nc6+ Ka6 $11) 41... Nc4) 41. Rg3 $1 $18 b5+ 42. Nxb5 Rxb5 43. Rgg7 $1 Rb8 (43... Rxb2 $2 44. Ra7+ Kb6 45. Rab7+ (45. Rxa5 Rf1 $17) 45... Kc5 46. Rxb2 $18) 44. Ra7+ $1 Kb6 45. Rad7 $1 (45. Rxa5 Rc8 $16) 45... Nb3 46. Kxb3 {[%emt 0:00:00][%mdl 4096] Endgame KRR-KRR. White is two pawns up.} Kc6+ 47. Kc4 (47. Ka2 Rxg2 48. Rxg2 (48. Rc7+ Kd6 $16) 48... Kxd7) 47... Rxg2 48. Rc7+ Kd6 (48... Kb6 $16) 49. Rgd7+ Ke6 50. b4 Rg4+ 51. Kc5 Rg5+ 52. Kc6 Rgb5 53. Rd6+ (53. Re7+ $1 $16 Kf5 54. Rf7+ Kg5 55. Rf3 (55. Rg7+ Kh6 $16)) 53... Ke5 $14 54. Re7+ (54. Rd4 $1 $16) 54... Kf4 (54... Kf5 $1 $11) 55. Rd4+ Kf3 56. Ra7 {[%emt 0:00:00] White has more active pieces.} axb4 57. axb4 Rf5 58. Ra1 (58. Ra3 $16 {Hoping for c4+.} Ke2 59. Ra7) 58... Rg5 (58... Rfb5 $1 $14) 59. Ra5 Rg6+ 60. Kc7 ({Better is} 60. Kc5 $14) 60... Rh8 $11 61. Rf5+ Kg3 (61... Ke2 $11) 62. Rd3+ (62. b5 $1 $16) 62... Kg2 (62... Kg4 $14 63. Rf1 Rh7+ 64. Rd7 Rxd7+ 65. Kxd7 Rg7+ 66. Kc6 Rg6+ 67. Kd5 Rg5+ 68. Kd4 h4) 63. Rd2+ $16 {[%emt 0:00:05] Black is on the road to losing.} Kg3 {[%emt 0:00:04] [#]} (63... Kg1 $1 $14) 64. b5 $1 $18 h4 {[%emt 0:00:09] [#]} 65. Rf1 $1 Rg7+ 66. Kb6 Rb8+ (66... Rh6+ $16 67. Ka5 Ra7+ 68. Kb4 h3 69. Rg1+ Kf3) 67. Ka5 Rc7 $2 (67... Ra8+ 68. Kb4 Rga7) 68. Kb4 Rbc8 69. Rd3+ {[%emt 0:00:12] White is clearly winning.} Kg4 70. Rd4+ Kg3 71. c4 h3 72. Rd3+ Kg4 73. Rg1+ Kf5 74. Rd5+ (74. Rxh3 Rxc4+ 75. Ka3 Ra8+ 76. Kb2 (76. Kb3 Raa4 $11) 76... Re4 $16) 74... Ke4 (74... Kf4 $142 75. Rd4+ Ke5) 75. Rg4+ Kf3 76. Rh4 h2 77. Rd3+ ({Not} 77. Rxh2 Rxc4+ 78. Ka5 Ke4 $16) 77... Kg2 78. Rd2+ Kg3 79. Rdxh2 ({Inferior is} 79. Rhxh2 Rxc4+ 80. Kb3 R4c5 $11) 79... Rc5 80. R2h3+ {[%emt 0:00:18] Weighted Error Value: White=0.14 (very precise) /Black=0.17 (very precise)   Loses game:     	---       	Black=2      Mistake:       	White=6     	Black=12     Inaccurate:     	White=4     	Black=3      OK:         	White=15    	Black=23     Best:        	White=16    	Black=7      Strong:       	White=8     	Black=2      Brilliant:      	---       	Black=1} 1-0

[Event "AUT Bundesliga 2024-25"]
[Site "Austria"]
[Date "2025.04.04"]
[Round "8.12"]
[White "Bures, Jaroslav"]
[Black "Gschnitzer, Adrian"]
[Result "0-1"]
[Annotator "RC"]
[ECO "B44"]
[WhiteElo "2396"]
[BlackElo "2430"]
[PlyCount "64"]
[EventDate "2024.08.28"]
[EventType "team-tourn"]
[EventCountry "AUT"]
[SourceTitle "playchess.com"]
[Source "ChessBase"]
[SourceQuality "1"]
[TimeControl "40/5400+30:1800+30"]

1. Nf3 c5 2. c4 Nf6 3. Nc3 Nc6 4. d4 cxd4 5. Nxd4 e6 6. e4 Bb4 7. Nxc6 bxc6 8. Bd3 e5 9. O-O O-O 10. h3 Bc5 11. Re1 d6 12. Be3 Bd4 13. Qd2 Rb8 14. Rad1 Re8 15. b3 Bb7 16. Bb1 c5 17. f3 Nh5 18. Nb5 Re6 19. Nxd4 cxd4 20. Bg5 Qd7 21. f4 exf4 22. Bxf4 Rbe8 23. Bh2 Rg6 24. Kh1 f5 25. Qxd4 Nf6 26. Qxd6 Nxe4 27. Qf4 Nf2+ 28. Qxf2 Rxe1+ 29. Rxe1 Rxg2 30. Qxg2 Bxg2+ 31. Kxg2 Qd2+ 32. Kf1 Qxh2 0-1

[Event "AUT Bundesliga 2024-25"]
[Site "Austria"]
[Date "2025.04.04"]
[Round "8.13"]
[White "Koelle, Tobias"]
[Black "Karthik Venkataraman"]
[Result "1/2-1/2"]
[Annotator "TA"]
[ECO "E61"]
[WhiteElo "2459"]
[BlackElo "2565"]
[PlyCount "91"]
[EventDate "2024.08.28"]
[EventType "team-tourn"]
[EventCountry "AUT"]
[SourceTitle "playchess.com"]
[Source "ChessBase"]
[SourceQuality "1"]
[TimeControl "40/5400+30:1800+30"]

1. d4 Nf6 2. c4 g6 3. Nc3 d6 4. e4 Nbd7 5. Be3 e5 6. d5 {[%emt 0:01:43] E61: King's Indian: Early deviations for White, including Smyslov System.} h5 7. h3 $146 (7. f3 Bh6 8. Bxh6 Rxh6 9. Qd2 Rh8 10. Nh3 Nc5 11. Nf2 a5 12. Qg5 h4 13. Nd3 Nxd3+ 14. Bxd3 {½-½ Gonzalez Lema,C (2189)-Siddharth,J (2393) La Roda op 49th 2023 (9)}) 7... Bh6 8. Bxh6 {[%emt 0:00:37] White is slightly better.} Rxh6 9. Nf3 Kf8 10. Be2 h4 11. Nh2 a5 12. O-O Kg7 13. b3 Qe7 14. a3 c6 15. b4 c5 16. bxa5 Rxa5 17. Re1 Rh8 18. Nf1 Nh7 19. Nd2 Ng5 20. a4 Nf6 21. Kh2 Qd7 {[%emt 0:02:41][%cal Rg5h3] [#] and ...Nxh3! would now be decisive} 22. Bf1 (22. Qc2 $14) 22... Nh5 $11 23. Nf3 Qd8 24. Nxg5 Qxg5 25. Qc1 Qe7 26. Qd2 Rf8 27. Ra3 Ra6 28. Rb3 Qf6 29. Reb1 Rd8 (29... Bd7 $11) 30. Rb6 $14 Ra8 31. Qe3 Nf4 32. Ra1 Ra5 33. Qd2 Ra8 34. Qe3 Qe7 35. Nb5 Rd7 36. Nc3 Qd8 37. Rab1 Ra6 38. R6b5 b6 39. Be2 Rb7 {[%emt 0:01:48] The position is equal.} 40. Bd1 Bd7 41. R5b2 Qg5 {[%emt 0:31:30][%csl Gf4][%cal Rg5g2] [#]} 42. Qf3 {[%emt 0:00:00] Successful Defense White} Kf8 43. Bc2 Ke7 44. Bd1 Rb8 45. Bc2 Rb7 46. Bd1 {[%emt 0:00:00] Weighted Error Value: White=0.12 (very precise) /Black=0.10 (very precise)   Mistake:       	White=1     	Black=1      Inaccurate:     	White=7     	Black=7      OK:         	White=9     	Black=6      Best:        	---       	Black=2} 1/2-1/2

[Event "AUT Bundesliga 2024-25"]
[Site "Austria"]
[Date "2025.04.04"]
[Round "8.14"]
[White "Pajeken, Jakob Leon"]
[Black "Deuer, Marius"]
[Result "1/2-1/2"]
[Annotator "RC"]
[ECO "E15"]
[WhiteElo "2435"]
[BlackElo "2464"]
[PlyCount "61"]
[EventDate "2024.08.28"]
[EventType "team-tourn"]
[EventCountry "AUT"]
[SourceTitle "playchess.com"]
[Source "ChessBase"]
[SourceQuality "1"]
[TimeControl "40/5400+30:1800+30"]

1. d4 Nf6 2. Nf3 e6 3. c4 b6 4. g3 Ba6 5. b3 Bb4+ 6. Bd2 Be7 7. Bg2 O-O 8. O-O d5 9. Ne5 Bb7 10. Nc3 Nbd7 11. Bf4 c5 12. Rc1 cxd4 13. Qxd4 Bc5 14. Qd1 Nxe5 15. Bxe5 Rc8 16. Rc2 Qe7 17. Bxf6 Qxf6 18. cxd5 Qe5 19. Ne4 Ba3 20. f4 Qf5 21. Rxc8 Rxc8 22. Nf2 Rd8 23. e4 Qg6 24. Qe2 exd5 25. exd5 Bc5 26. Rd1 h6 27. Kh1 Qf5 28. Qd2 Bxf2 29. Qxf2 Bxd5 30. Kg1 Rd7 31. Qe3 1/2-1/2

[Event "AUT Bundesliga 2024-25"]
[Site "Austria"]
[Date "2025.04.04"]
[Round "8.15"]
[White "Rosner, Jonas"]
[Black "Janzelj, Tim"]
[Result "1/2-1/2"]
[Annotator "RC"]
[ECO "A81"]
[WhiteElo "2430"]
[BlackElo "2404"]
[PlyCount "116"]
[EventDate "2024.08.28"]
[EventType "team-tourn"]
[EventCountry "AUT"]
[SourceTitle "playchess.com"]
[Source "ChessBase"]
[SourceQuality "1"]
[TimeControl "40/5400+30:1800+30"]

1. Nf3 f5 2. d4 e6 3. g3 Nf6 4. Bg2 d5 5. Bf4 Be7 6. c4 O-O 7. O-O Ne4 8. Nc3 g5 9. Be3 Nc6 10. Qc2 f4 11. gxf4 gxf4 12. Bc1 Ng5 13. e3 Kh8 14. Kh1 Qe8 15. Nxg5 Bxg5 16. exf4 Bxf4 17. Bxf4 Rxf4 18. cxd5 Nxd4 19. Qd2 e5 20. Rae1 Bg4 21. f3 Bh5 22. Qe3 Rd8 23. Qxe5+ Qxe5 24. Rxe5 Bxf3 25. Bxf3 Nxf3 26. Re7 c6 27. dxc6 bxc6 28. Ne4 Nh4 29. Re1 Rdf8 30. Ng3 Rf2 31. R7e2 Kg7 32. b3 a5 33. Kg1 Rxe2 34. Rxe2 Kg6 35. h3 Rf3 36. Kh2 Rd3 37. Ne4 Kf5 38. Nf2 Rc3 39. Re4 Ng6 40. Ra4 Rc2 41. Kg3 Rc3+ 42. Kh2 c5 43. Nd1 Rd3 44. Nf2 Rd2 45. Kg3 Rc2 46. Nd1 Ke5 47. Ne3 Rc3 48. Kf3 Ne7 49. Rc4 Nd5 50. Rxc3 Nxc3 51. Nc4+ Kd4 52. Nxa5 Nxa2 53. Kf4 Nc1 54. Kg5 Kc3 55. Nb7 Nxb3 56. Kh6 Kd4 57. Kxh7 Ke5 58. Nxc5 Nxc5 1/2-1/2

[Event "AUT Bundesliga 2024-25"]
[Site "Austria"]
[Date "2025.04.04"]
[Round "8.16"]
[White "Sebenik, Matej"]
[Black "Hacker, Jonas"]
[Result "1-0"]
[Annotator "TA"]
[ECO "A13"]
[WhiteElo "2491"]
[BlackElo "2370"]
[PlyCount "73"]
[EventDate "2024.08.28"]
[EventType "team-tourn"]
[EventCountry "AUT"]
[SourceTitle "playchess.com"]
[Source "ChessBase"]
[SourceQuality "1"]
[TimeControl "40/5400+30:1800+30"]

1. c4 Nf6 2. Nf3 e6 3. g3 d5 4. Bg2 dxc4 5. Qa4+ Bd7 6. Qxc4 {[%emt 0:00:05] A13: English Opening: 1...e6.} c5 7. O-O Bc6 8. Nc3 {[%emt 0:04:52] The position is equal.} Nbd7 9. e4 Rc8 10. Qe2 e5 11. d3 g6 $146 (11... Bd6 12. Nh4 O-O 13. Nf5 Bb8 14. Bg5 h6 15. Be3 b5 16. b3 Kh7 17. Rac1 Ng8 {½-½ Ivanisevic,I (2530)-Culum,S (2311) BIH-chT1 30th 2023 (7.1)}) 12. Bh3 Bg7 13. a3 a5 14. a4 O-O 15. Nd2 Qc7 16. Nc4 b6 17. Bg5 Rb8 18. f4 {[%emt 0:04:11] White is much more active.} h6 19. Bxf6 Bxf6 20. f5 Bg5 $2 {[%emt 0:06:15] This costs Black the game.} (20... g5 $16) 21. fxg6 $18 fxg6 22. Be6+ Kg7 23. h4 Rxf1+ (23... Bf6 $142 24. h5 (24. Nd5 Bxd5 25. exd5 e4 $16) 24... Rbe8) 24. Rxf1 (24. Kxf1 $6 Rf8+ 25. Kg2 Be7 $16) 24... Bf6 {[%emt 0:00:06] Black is weak on the light squares} 25. Bd5 {[%emt 0:06:20] [#]} Bxa4 $2 (25... Nf8 {was necessary.} 26. Bxc6 Qxc6) 26. Qg4 (26. Nxa4 b5 27. Ne3 bxa4 $16) 26... Nf8 {[%emt 0:02:27] Dodges Qe6} 27. Nxa4 {[%emt 0:02:28] Excellent horsemanship.} b5 28. Ne3 {[%emt 0:09:04][%cal Bc4e3,Be3f5,Bf5h6,Bh6g8][%mdl 32] Nf5+ would now be deadly.} ({Not} 28. Qf3 Nh7 29. Ne3 bxa4 $18) 28... bxa4 29. Nf5+ Kh7 30. Nxh6 Qb6 (30... Rb6) 31. Ng8 Bg7 32. h5 {[%emt 0:00:17] [#]} c4+ 33. Kh1 {[%emt 0:00:23] White threatens hxg6+ and mate.} Qe3 34. hxg6+ {[%emt 0:00:25] White mates.} Nxg6 35. Qh5+ Bh6 36. Nxh6 Nf4 37. gxf4 {[%emt 0:00:20] Weighted Error Value: White=0.09 (flawless) /Black=0.79  Loses game:     	---       	Black=1      Mistake:       	---       	Black=3      Inaccurate:     	White=1     	Black=5      OK:         	White=14    	Black=9      Best:        	White=2     	Black=4} 1-0

[Event "AUT Bundesliga 2024-25"]
[Site "Austria"]
[Date "2025.04.04"]
[Round "8.17"]
[White "Hinterreiter, Markus"]
[Black "Schreiner, Peter"]
[Result "1/2-1/2"]
[Annotator "RC"]
[ECO "E63"]
[WhiteElo "2236"]
[BlackElo "2425"]
[PlyCount "70"]
[EventDate "2024.08.28"]
[EventType "team-tourn"]
[EventCountry "AUT"]
[SourceTitle "playchess.com"]
[Source "ChessBase"]
[SourceQuality "1"]
[TimeControl "40/5400+30:1800+30"]

1. c4 Nf6 2. g3 g6 3. Bg2 Bg7 4. Nc3 O-O 5. d4 d6 6. Nf3 Nc6 7. h3 a6 8. O-O Rb8 9. e4 e5 10. d5 Na5 11. Nd2 c5 12. dxc6 bxc6 13. b3 c5 14. Nf3 Nc6 15. Qd3 Nd4 16. Bg5 Qa5 17. Nxd4 exd4 18. Nd5 Nxd5 19. cxd5 Qb6 20. Rfe1 a5 21. Bf1 Re8 22. Kh2 Bd7 23. Bf4 Be5 24. Bd2 Ra8 25. Rab1 Qc7 26. a4 Qb6 27. h4 Bg7 28. Bh3 Bxh3 29. Kxh3 h5 30. f4 Qb7 31. Qf3 Qd7+ 32. Kg2 c4 33. bxc4 Qxa4 34. Qd3 Qd7 35. Rb6 a4 1/2-1/2

[Event "AUT Bundesliga 2024-25"]
[Site "Austria"]
[Date "2025.04.04"]
[Round "8.18"]
[White "Diermair, Andreas"]
[Black "Weber, Samuel"]
[Result "*"]
[Annotator "RC"]
[ECO "E10"]
[WhiteElo "2445"]
[BlackElo "2302"]
[PlyCount "141"]
[EventDate "2024.08.28"]
[EventType "team-tourn"]
[EventCountry "AUT"]
[SourceTitle "playchess.com"]
[Source "ChessBase"]
[SourceQuality "1"]
[TimeControl "40/5400+30:1800+30"]

1. Nf3 Nf6 2. c4 Nc6 3. d4 e6 4. e3 Bb4+ 5. Nbd2 d6 6. a3 Bxd2+ 7. Qxd2 a5 8. b3 Qe7 9. Bb2 e5 10. Qc2 Bg4 11. d5 Nb8 12. Be2 O-O 13. h3 Bh5 14. Nh4 Bxe2 15. Nf5 Qd7 16. Kxe2 b5 17. c5 Na6 18. c6 Qd8 19. Rhd1 Re8 20. Kf1 Nc5 21. Kg1 g6 22. Ng3 h5 23. Ne2 h4 24. f3 Nh5 25. e4 a4 26. b4 Nb3 27. Rab1 Qg5 28. Qd3 Rab8 29. Bc3 Re7 30. Rf1 Nf4 31. Nxf4 Qxf4 32. Kh1 f6 33. Rbd1 Rf7 34. Be1 Qh6 35. Bf2 Rff8 36. Ba7 Ra8 37. Be3 g5 38. Qxb5 Rfb8 39. Qc4 Qh7 40. Rf2 Qe7 41. b5 Nd4 42. Rb2 Kh7 43. Bxd4 exd4 44. Qxd4 Rb6 45. Rb4 Qe5 46. Qxe5 fxe5 47. Rc1 Kg6 48. Rcc4 Rf8 49. Rb1 Ra8 50. Kg1 Kh6 51. Kf2 Kh5 52. Rbb4 Rf8 53. Ke3 Kg6 54. Rxa4 Rxb5 55. Rab4 Ra5 56. a4 Raa8 57. Rc2 Rf7 58. Ra2 Raf8 59. Rb1 g4 60. fxg4 Rf1 61. Rxf1 Rxf1 62. a5 Re1+ 63. Kf3 Kg5 64. a6 Rf1+ 65. Ke2 Rf8 66. a7 Ra8 67. Ke3 Kg6 68. g3 Kg5 69. Kf3 Rf8+ 70. Kg2 Ra8 71. Ra3 *

[Event "AUT Bundesliga 2024-25"]
[Site "Austria"]
[Date "2025.04.04"]
[Round "8.19"]
[White "Kadric, Denis"]
[Black "Dragnev, Valentin"]
[Result "1/2-1/2"]
[Annotator "TA"]
[ECO "C11"]
[WhiteElo "2533"]
[BlackElo "2538"]
[PlyCount "104"]
[EventDate "2024.08.28"]
[EventType "team-tourn"]
[EventCountry "AUT"]
[SourceTitle "playchess.com"]
[Source "ChessBase"]
[SourceQuality "1"]
[TimeControl "40/5400+30:1800+30"]

1. e4 e6 2. d4 d5 3. Nc3 Nf6 4. e5 Nfd7 5. Nce2 c5 6. c3 Nc6 7. Nf3 Be7 8. h4 {[%emt 0:00:40] C11: French: Classical System: 4 e5 and 4 Bg5 dxe4.} cxd4 9. cxd4 f6 10. Nf4 {[%emt 0:00:18] [#]} Ndxe5 $1 11. dxe5 fxe5 12. Nh3 O-O 13. Be2 e4 14. Nh2 $146 (14. Nd4 e5 15. Nxc6 bxc6 16. g3 h6 17. Bg4 Ba6 18. Be2 Bc8 19. Bg4 Bb4+ 20. Kf1 {1-0 Mendes,A (2335)-Bluebaum,M (2643) Titled Tuesday intern op 04th Feb Late blitz 2025 (5)}) 14... e5 15. O-O Bxh3 16. gxh3 Bxh4 17. f3 $1 exf3 {[%emt 0:00:17] White is weak on the dark squares} 18. Bxf3 e4 19. Bg2 Qd6 20. Kh1 Bg3 (20... Kh8 {is interesting.} 21. Bxe4 Bg3 22. Qxd5 Bxh2 23. Be3 Rfe8) 21. Rxf8+ Rxf8 22. Nf1 Be5 23. Bd2 {[%emt 0:08:26] Wards off b6} Nd4 {[%emt 0:37:22] Dodges Qb3} (23... Bxb2 $6 24. Rb1 Be5 25. Rxb7 $14) (23... Qe6 $15) 24. Bc3 Ne6 25. Qd2 Bf4 26. Qe2 d4 27. Rd1 $1 Qb6 $1 $36 {[%emt 0:00:25][%mdl 2048] Black has the initiative.} 28. Qxe4 (28. Be1 $11 e3 29. Ng3) 28... dxc3 $17 29. bxc3 Nc5 30. Qe7 {[%emt 0:07:53] [#]} Rc8 $1 31. Rd4 Qc7 32. Qe2 Kh8 33. c4 Rf8 34. Rd5 b6 35. Rf5 Qc8 (35... Rxf5 36. Qe8+) 36. Rxf8+ Qxf8 37. Bd5 g6 38. Kg2 (38. Nd2 $17 {was necessary.}) 38... Kg7 39. Kf3 Qf6 40. Kg2 Qg5+ 41. Kf2 Be5 42. Qf3 Qc1 $2 (42... Bd4+ $19 43. Ke2 Qe7+ 44. Ne3 Na4) 43. Qf7+ $11 Kh6 44. Ne3 $1 Qd2+ 45. Kf3 {[%emt 0:00:07] White threatens Ng4+ and mate. Really sharp!} Qc3 ({Stronger than} 45... Qxa2 46. Ng4+ Kg5 47. Qe7+ (47. Nxe5 Qb3+ 48. Kg2 Qb2+ 49. Kg1 Qa1+ 50. Kg2 Qxe5 $17) 47... Kh5 48. Qxh7+ (48. Nxe5 Qd2 $18) 48... Kg5 49. h4+ (49. Nxe5 Qb3+ 50. Kf2 Qb2+ 51. Kg1 Qxe5 $15) 49... Kf5 50. Nh6+ Kf6 51. Qf7#) 46. Qf8+ (46. Qxa7 $15 Bg7 47. Qc7) 46... Bg7 (46... Kh5 $17 {...Nd7 would now be deadly.} 47. Qg8 Bg7 48. Qxh7+ Bh6) 47. Qf4+ {[%emt 0:00:05] The position is equal.} g5 $1 48. Qf5 Bd4 $1 49. Qf8+ Bg7 50. Qf5 Bd4 $1 51. Qf8+ Bg7 52. Qf5 {[%emt 0:00:03][%cal Oh3h4] Black must now prevent h4!.} Bd4 $1 {[%emt 0:02:52] Black had all chances to win.   Weighted Error Value: White=0.12 (very precise) /Black=0.13 (very precise)   Missed win:     	---       	Black=1      Mistake:       	White=3     	Black=2      Inaccurate:     	White=3     	Black=1      OK:         	White=13    	Black=11     Best:        	White=5     	Black=6      Strong:       	White=3     	Black=6      Brilliant:      	---       	Black=1} 1/2-1/2

[Event "AUT Bundesliga 2024-25"]
[Site "Austria"]
[Date "2025.04.04"]
[Round "8.20"]
[White "Banusz, Tamas"]
[Black "Petrov, Nikita"]
[Result "1/2-1/2"]
[Annotator "TA"]
[ECO "E05"]
[WhiteElo "2592"]
[BlackElo "2567"]
[PlyCount "210"]
[EventDate "2024.08.28"]
[EventType "team-tourn"]
[EventCountry "AUT"]
[SourceTitle "playchess.com"]
[Source "ChessBase"]
[SourceQuality "1"]
[TimeControl "40/5400+30:1800+30"]

1. c4 e6 2. g3 d5 3. Bg2 Nf6 4. Nf3 Be7 5. O-O O-O 6. d4 dxc4 7. Qa4 a6 8. Qxc4 b5 9. Qc2 Bb7 10. Bg5 Nbd7 11. Bxf6 Nxf6 12. Nbd2 Rc8 13. Nb3 c5 14. dxc5 Be4 {[%emt 0:08:00] Black sacrificed a pawn E05: Open Catalan: 5 Nf3 Be7.} 15. Qc3 Bd5 16. Rfd1 Ne4 17. Qe3 Nxc5 18. Ne5 Na4 $146 (18... Nxb3 19. axb3 Qd6 20. Bxd5 exd5 21. Nd3 Bf6 22. Qa7 Rc6 23. Rdc1 Rxc1+ 24. Rxc1 Re8 {0-1 Grandelius,N (2656)-So,W (2778) Chess.com Rapid Wk10 Swiss 2022 (7)}) 19. Bxd5 exd5 20. Qf3 Nb6 21. Nd4 g6 22. Nec6 {[%emt 0:17:49] A dynamic duo of knights.} Qd6 23. Nxe7+ Qxe7 24. b3 Rc5 25. Rac1 Rfc8 26. Rxc5 Rxc5 27. Qf4 Nd7 28. Qd2 Qf6 29. Qb4 Kg7 30. Kg2 Qe5 31. a4 bxa4 32. Qxa4 Qd6 33. Qb4 a5 34. Qb7 Nf6 35. Qa7 Qc7 36. Qxc7 (36. Qa6 {feels hotter.} Qe5 37. e3 h5 38. Qa7) 36... Rxc7 $11 {[%emt 0:00:03][%mdl 4096] Endgame KRN-KRN} 37. Ra1 Rc5 38. f3 Ne8 39. Kf2 Nc7 40. Ke3 Kf6 41. Kd2 Na6 42. Nc2 Ke5 43. Ra4 h5 44. h4 f5 45. Ne1 Rb5 46. Nd3+ Kf6 47. Kc3 Nc5 48. Ra3 Nxd3 49. exd3 {[%emt 0:00:35] KR-KR} f4 50. gxf4 Kf5 51. Ra4 Rc5+ 52. Kd4 Rb5 53. Ke3 Ke6 54. Ra1 Kf6 55. Rc1 Rxb3 56. Rc6+ Kf7 57. Rc5 Ke6 ({Don't play} 57... a4 58. Rxd5 Rb4 59. Rc5 $16) 58. Rxa5 Rb1 {[%emt 0:00:29] [#]} 59. f5+ $1 Kxf5 60. Rxd5+ Ke6 61. Rd4 Kf5 62. Rf4+ Ke6 63. d4 Re1+ 64. Kf2 Rd1 65. Ke2 Ra1 66. Re4+ Kf5 67. Re5+ Kf4 68. Re4+ Kf5 $1 69. Kf2 Rb1 70. Re8 Rh1 71. Rf8+ Ke6 72. Kg3 Ke7 73. Ra8 Rd1 74. Ra6 Kf7 75. Rd6 Rg1+ 76. Kh2 Rd1 77. Kg2 Ra1 78. Kg3 Rg1+ 79. Kf4 Rh1 80. d5 Rxh4+ 81. Ke5 Rh1 82. Rd7+ Ke8 83. Rg7 Re1+ 84. Kd6 Rf1 85. Ke6 Re1+ 86. Kd6 h4 87. Rxg6 h3 {[%emt 0:00:15] And now ...h2 would win.} 88. Rh6 Rh1 89. Rh7 h2 $2 (89... Rh2 $11) 90. Re7+ $18 Kf8 {[%emt 0:00:12] [#]} 91. Re2 $1 Kf7 92. Rd2 $2 (92. Rc2 $18 {Strongly threatening f4.} Kf6 93. Kc6) 92... Ke8 $2 (92... Kg6 $11) 93. f4 Kd8 94. f5 Kc8 95. Rf2 {[%emt 0:00:42] Intending f6 and mate.} Kd8 96. Re2 Kc8 97. Rf2 (97. Ke7 $142 Rf1 98. Rxh2) 97... Kd8 98. Rc2 Ke8 99. f6 Kf7 100. Rf2 Ke8 101. Rc2 $2 (101. f7+ $18 Kf8 102. Kd7) 101... Kf7 $11 {[%emt 0:00:13] The position is equal.} 102. Kc6 Kxf6 103. d6 Ke6 104. Re2+ Kf5 $1 {[%emt 0:00:18] ( -> ...Rc1+)} 105. Kd7 Kf4 {[%emt 0:00:15] Weighted Error Value: White=0.05 (flawless) /Black=0.04 (flawless)   Loses game:     	---       	Black=1      Inaccurate:     	White=2     	Black=3      OK:         	White=28    	Black=37     Best:        	White=2     	Black=5      Strong:       	---       	Black=2} 1/2-1/2